 Dungeon Crawl Stone Soup version 0.29.1-15-g9cfb28693d (webtiles) character file.

Game seed: 10467616571019845240

116 pokedragonboy the Conjurer (level 4, 0/24 HPs)
             Began as a Deep Elf Conjurer on Mar 10, 2023.
             Was an Initiate of Vehumet.
             Slain by an adder (4 damage)
             ... on level 4 of the Dungeon.
             The game lasted 00:16:29 (3504 turns).

pokedragonboy the Conjurer (Deep Elf Conjurer)      Turns: 3504, Time: 00:16:29

Health: 0/24       AC:  2    Str:  4    XL:     4   Next: 69%
Magic:  7/11       EV: 12    Int: 28    God:    Vehumet [......]
Gold:   275        SH:  0    Dex: 13    Spells: 3/10 levels left

rFire   . . .      SeeInvis +   p - +2 mace of Hawiedgh {freeze, Int+3 SInv}
rCold   . . .      Faith    .   (no shield)
rNeg    . . .      Spirit   .   t - +0 robe
rPois   .          Reflect  .   (no helmet)
rElec   .          Harm     .   (no cloak)
rCorr   +          Rampage  .   (no gloves)
Will    .....                   (no boots)
Stlth   ++........              (no amulet)
HPRegen 0.08/turn               f - ring of wizardry
MPRegen 0.12/turn               q - ring of resist corrosion

@: no status effects
A: no striking features
a: Renounce Religion


You were on level 4 of the Dungeon.
You worshipped Vehumet.
Vehumet was noncommittal.
You visited 2 branches of the dungeon, and saw 5 of its levels.

You collected 275 gold pieces.

Inventory:

Hand Weapons
 p - the +2 mace of Hawiedgh (weapon) {freeze, Int+3 SInv}
   (You found it on level 2 of the Dungeon)

   It freezes those it strikes, dealing additional cold damage.
   It can also slow down cold-blooded creatures.
   Int:       It affects your intelligence (+3).
   SInv:      It lets you see invisible.
 r - a +2 whip of venom
Armour
 t - a +0 robe (worn)
Jewellery
 f - a ring of wizardry (left hand)
 q - a ring of resist corrosion (right hand)
Scrolls
 e - 2 scrolls of teleportation
 g - 2 scrolls of fear
 h - a scroll of identify
 k - 2 scrolls of immolation
 n - a scroll of poison {unknown}
 o - a scroll of butterflies {unknown}
 s - a scroll of noise {unknown}
 v - a scroll of summoning {unknown}
 x - a scroll of magic mapping {unknown}
 y - a scroll of enchant armour {unknown}
 z - a scroll of enchant weapon {unknown}
 A - a scroll of vulnerability {unknown}
Potions
 a - 2 potions of curing
 b - a potion of magic
 c - 3 potions of flight
 d - a potion of cancellation {unknown}
 i - a potion of invisibility {unknown}
 j - a potion of lignification
 l - a potion of ambrosia {unknown}
 m - 2 potions of heal wounds {unknown}
 u - a potion of mutation {unknown}
 w - a potion of haste {unknown}


   Skills:
 + Level 2.9 Dodging
 - Level 3.0 Stealth
 + Level 3.9 Spellcasting
 * Level 5.9 Conjurations
 + Level 0.6 Hexes


You had 3 spell levels left.
You knew the following spells:

 Your Spells              Type           Power      Damage    Failure   Level
a - Magic Dart            Conj           100%       1d8       1%          1
b - Searing Ray           Conj           76%        2d7       1%          2
c - Fulminant Prism       Conj/Hex       11%        3d9       8%          4

Your spell library contained the following spells:

 Spells                   Type           Power      Damage    Failure   Level
 Dazzling Flash           Conj/Hex       46%        N/A       2%          3
 Iskenderun's Mystic Bla  Conj/Tloc      22%        2d6       9%          4
 Cause Fear               Hex            4%         N/A       22%         4
 Silence                  Hex/Air        3%         N/A       56%         5
 Agony                    Necr           5%         N/A       61%         5
 Dragon Form              Tmut           2%         N/A       100%        7
 Dragon's Call            Summ           2%         N/A       100%        9


Dungeon Overview and Level Annotations

Branches:
Dungeon (4/15)             Temple (1/1) D:4

Altars:
Cheibriados
Dithmenos
Elyvilon
Fedhas
Gozag
Hepliaklqana
Kikubaaqudgha
Makhleb
Nemelex Xobeh
Qazlal
Ru
Vehumet
Wu Jian
Xom
Yredelemnul
Zin

Shops:
D:1 (

Annotations:
D:4 exclusion: orc


Message History

You escape the ball python's grasp.
The black bear attacks as you move away!
The black bear bites you but does no damage.
The black bear claws you.
The black bear claws you but does no damage.
You feel sick.
You feel sick. The adder attacks as you move away! The adder barely misses you.
You feel sick.
You are no longer poisoned.
The adder barely misses you. The adder attacks as you move away!
The adder bites you.
You are poisoned.
The adder poisons you!
You feel sick.
You feel sick. The adder attacks as you move away! The adder misses you.
You feel sick.
You feel sick.
You are no longer poisoned.
The adder barely misses you. The adder attacks as you move away!
The adder barely misses you. The adder attacks as you move away!
The adder barely misses you. The adder attacks as you move away!
The adder closely misses you. The adder barely misses you. The adder bites you.
* * * LOW HITPOINT WARNING * * *
Casting: Fulminant Prism (extremely dangerous; 8% risk of failure)
Confirm with . or Enter, or press ? or * to list all spells.
Aiming: Searing Ray (safe; 1% risk of failure)
Press: ? - help, Shift-Dir - straight line, f - quokka
Aim: a quokka (73% to hit)
The searing ray hits the adder.
The adder is moderately wounded.
The searing ray hits the quokka!
You kill the quokka!
Vehumet accepts your kill. (Press . to maintain the ray.)
The adder bites you but does no damage.
The searing ray misses the adder.
The searing ray hits the black bear!
The black bear is moderately wounded.
The adder bites you.
You die...

#.#..### #.#.S..# #.#K...##
#.#.g...# #.##....#
####.##....# #....####..#
########.########g#
#.....#...<..@S.h.#
#.###.#..#.######.#
#.....#...........#####
##.#####.....#.#.......#
#..............#.#####.#
##.#####..#..#.#.#.# #.#
#.....#.....#.#.#.###.#
#####.#.....#.#.#.....#
#..<#.#.....#.#.#.############


You could see a black bear, an adder and a goblin.

Vanquished Creatures
  An orc priest (D:3)
  An adder (D:4)
  2 ufetubi (D:4)
  2 worms
  A dart slug (D:4)
  5 orcs (D:3)
  9 endoplasms
  3 giant cockroaches
  2 goblins
  4 hobgoblins
  2 jackals (D:4)
  5 kobolds
  4 quokkas
  2 ball pythons (D:2)
  3 bats (D:2)
  A frilled lizard (D:3)
  4 rats
51 creatures vanquished.

Vanquished Creatures (others)
  A fulminant prism (D:4)
  A fungus (D:3)
  2 plants (D:3)
4 creatures vanquished.

Grand Total: 55 creatures vanquished

Notes
Turn   | Place    | Note
-------+----------+-------------------------------------------
     0 | D:1      | pokedragonboy the Deep Elf Conjurer began the quest for the
                  | Orb.
     0 | D:1      | Reached XP level 1. HP: 10/10 MP: 6/6
    83 | D:1      | Found a faded altar of an unknown god.
   333 | D:1      | Found Ixoid's Weapon Emporium.
  1025 | D:2      | Identified the +2 mace of Hawiedgh {freeze, Int+3 SInv}
  1038 | D:2      | Reached XP level 2. HP: 15/15 MP: 5/8
  1041 | D:2      | Learned a level 2 spell: Searing Ray
  1448 | D:2      | Reached skill level 5 in Conjurations
  1890 | D:3      | Reached XP level 3. HP: 19/19 MP: 7/9
  2089 | D:3      | Found a basalt altar of Yredelemnul.
  2171 | D:3      | Found a glowing silver altar of Zin.
  2247 | D:3      | Reached XP level 4. HP: 24/24 MP: 7/11
  2255 | D:3      | Learned a level 4 spell: Fulminant Prism
  2299 | D:3      | Found a blossoming altar of Fedhas.
  2321 | D:3      | Found a burning altar of Makhleb.
  3098 | D:4      | Noticed an orc warrior
  3182 | D:4      | Found a staircase to the Ecumenical Temple.
  3193 | Temple   | Entered the Ecumenical Temple
  3210 | Temple   | Became a worshipper of Vehumet
  3479 | D:4      | Noticed a black bear
  3504 | D:4      | Slain by an adder

Illustrated notes

Levels and vault maps discovered:
D:1:      dpeg_arrival_oval, layout_basic,
          shapermc_ecumenical_altar_mp_ritualfount, serial_shops, shop
D:2:      layout_rooms, minmay_misc_feat_four_crosses, serial_park_tiny_1,
          chequers_serial_rivers_small_a
D:3:      layout_rooms, mainiacjoe_overflow_small_starburst,
          mainiacjoe_overflow_concentric_impassable, fedhas_altar_3,
          lemuel_tele_altar
D:4:      minmay_opposing_rooms, layout_basic, minmay_temple_entry_overgrown,
          serial_forest, infiniplex_forest_diagonal,
          infiniplex_forest_lined_corner, infiniplex_forest_lined_4_way,
          infiniplex_forest_lined_2, infiniplex_forest_clump_C
Temple:   hellmonk_temple_two_chambers

Skill      XL: |  1  2  3  4 |
---------------+-------------+-----
Conjurations   | 5 |  5.9
Stealth        | 3 |  3.0
Dodging        | |  2.9
Spellcasting   | |  3.9
Hexes          | |  0.6

Action                   |  1- 3 |  4- 6 || total
-------------------------+-------+-------++-------
Melee: Mace              |       |    10 ||    10
 Cast: Magic Dart        |    50 |    34 ||    84
       Searing Ray       |     6 |     4 ||    10
       Fulminant Prism   |       |     1 ||     1
  Use: Scroll            |     4 |     2 ||     6
Armor: Robe              |     1 |     5 ||     6
Dodge: Dodged            |     3 |    17 ||    20
